Map: Triton LE

Players

Mez

  • Race: Terran Terran
  • League: Master
  • Spawn Location: 5:00

Flyboy - Winner!

  • Race: Protoss Protoss
  • League: Master
  • Spawn Location: 11:00

VOD

Have the link to the VOD?

Description

Time

  • Played on: Aug. 31, 2019, 4:39 a.m.
  • Length: 17:52
Show
View Real Time Build Order
Export as new Build Order

Mez Terran 

Build Orders: Reaper Expand 

Get SALT Encoding   

  12  0:00  SCV  
  13  0:12  SCV  
  14  0:17  Supply Depot  
  14  0:24  SCV  
  15  0:38  SCV  
  15  0:39  Barracks  
  16  0:44  Refinery  
  16  0:50  SCV  
  17  1:02  SCV  
  18  1:15  SCV  
  19  1:27  Orbital Command  
  19  1:28  Reaper  
  20  1:41  Command Center  
  20  1:53  Bunker  
  20  1:55  SCV  
  20  2:00  Marine  
  22  2:03  Supply Depot  
  22  2:08  SCV  
  23  2:18  Barracks Reactor  
  23  2:24  SCV  
  24  2:39  SCV  
  24  2:43  Factory  
  25  2:45  Command Center  
  25  2:53  SCV  
  25  2:56  Orbital Command  
  26  3:02  Refinery  
  26  3:05  Marine x2  
  27  3:29  SCV  
  27  3:30  Marine x2  
  27  3:31  Widow Mine  
  32  3:36  Starport  
  32  3:41  SCV x2  
  34  3:50  Marine  
  34  3:51  Marine  
  34  3:53  Widow Mine, SCV  
  34  3:54  SCV  
  40  3:58  Orbital Command  
  40  4:05  SCV  
  40  4:06  Refinery, SCV  
  40  4:09  Marine x2  
  44  4:18  Starport Tech Lab  
  44  4:21  SCV x2  
  44  4:22  Factory Tech Lab  
  44  4:24  Supply Depot  
  46  4:29  SCV  
  47  4:33  SCV x2  
  47  4:38  Barracks  
  49  4:39  Raven  
  49  4:41  SCV  
  49  4:45  SCV  
  44  5:02  Siege Tank  
  44  5:07  SCV x2  
  46  5:14  Marine  
  46  5:15  Marine  
  46  5:16  SCV  
  46  5:19  SCV x2  
  51  5:24  Barracks  
  51  5:31  SCV x2  
  51  5:32  Marine x2, Starport Reactor  
  55  5:37  Siege Tank  
  55  5:50  Marine x2  
  55  5:53  SCV x2  
  55  5:54  Engineering Bay x2, SCV  
  60  6:05  Stimpack, SCV  
  64  6:24  SCV  
  62  6:27  Barracks x2, Marine x3, Factory Reactor  
  62  6:40  Viking x2  
  62  6:43  Combat Shield, Marine  
  62  6:45  Marine  
  62  6:47  SCV  
  69  6:52  Refinery  
  69  6:55  Supply Depot  
  69  6:56  Supply Depot  
  69  6:57  SCV x2  
  69  6:59  SCV  
  72  7:02  Marauder x2, Marine  
  72  7:06  Orbital Command  
  77  7:09  Terran Infantry Weapons Level 1  
  77  7:11  Terran Infantry Armor Level 1  
  77  7:16  SCV x2, Marine  
  80  7:28  SCV x2  
  80  7:29  Barracks Reactor  
  82  7:30  Barracks Tech Lab  
  82  7:33  SCV  
  83  7:40  SCV x2  
  83  7:41  Medivac x2  
  89  7:46  SCV  
  90  7:52  SCV  
  90  7:53  Marauder, Supply Depot  
  90  7:56  Concussive Shells  
  93  8:08  Refinery  
  93  8:09  Supply Depot  
  93  8:11  Armory  
  93  8:13  Supply Depot  
  93  8:15  Widow Mine x2, SCV, Marine x3  
  101  8:26  Marine  
  101  8:27  SCV x2  
  100  8:29  Marauder  
  100  8:30  Medivac x2  
  100  8:31  Marauder x2  
  100  8:32  Marine x3  
  104  8:36  Ghost Academy  
  104  8:39  SCV  
  89  8:49  Marine  
  89  8:50  Marauder, Marine x2  
  89  8:52  Marauder x2  
  94  8:58  SCV x3  
  92  9:10  SCV x3  
  92  9:12  Marauder  
  92  9:14  Marauder x2  
  101  9:17  Medivac x2  
  101  9:22  SCV x3  
  108  9:34  SCV x3  
  111  9:40  Marauder x3  
  117  9:47  Supply Depot x2  
  117  10:05  Command Center  
  117  10:08  SCV x3, Marine x4  
  124  10:16  Ghost x2  
  124  10:18  Ghost  
  124  10:20  SCV x3  
  133  10:25  Supply Depot  
  133  10:27  Supply Depot x2  
  133  10:29  Marine x2  
  133  10:41  SCV  
  133  10:47  SCV x2  
  134  10:53  SCV  
  134  10:55  Marauder x3, Marine x4  
  134  10:59  SCV x2  
  134  11:00  Barracks  
  134  11:01  Barracks  
  136  11:04  Barracks  
  136  11:05  Terran Infantry Armor Level 2, Terran Infantry Weapons Level 2, SCV  
  137  11:11  SCV  
  138  11:20  Supply Depot, SCV x3  
  138  11:21  Supply Depot, Refinery  
  104  11:47  SCV x3  
  106  11:59  SCV x3  
  106  12:00  Marine x4  
  110  12:11  SCV x2  
  110  12:12  Orbital Command  
  106  12:39  SCV x4  
  110  12:50  Barracks Tech Lab  
  110  12:51  Barracks Tech Lab, SCV  
  110  12:56  Planetary Fortress  
  110  12:57  SCV  
  110  12:58  SCV  
  113  13:03  SCV  
  114  13:07  Sensor Tower  
  114  13:09  SCV  
  114  13:10  SCV  
  116  13:15  SCV  
  116  13:18  Refinery  
  117  13:22  SCV x2  
  119  13:34  Marauder x2, Marine  
  123  13:36  Marine x2  
  123  13:38  Marauder  
  123  13:39  Marine  
  123  13:41  Marine  
  124  13:42  Marine  
  124  13:43  Orbital Command  
  124  13:46  Marauder  
  124  14:01  Supply Depot  
  124  14:03  Supply Depot x2  
  124  14:04  Supply Depot  
  124  14:05  Supply Depot  
  124  14:14  Sensor Tower  
  122  14:24  Marine x2  
  122  14:25  Marauder x3, Marine x5  
  135  14:34  Sensor Tower  
  135  14:35  SCV  
  136  14:40  SCV  
  136  14:41  SCV  
  136  14:42  Marine  
  139  15:05  Marine x8  
  139  15:06  Marine  
  146  15:09  SCV x2  
  148  15:20  Supply Depot  
  148  15:21  Supply Depot  
  148  15:23  SCV x3  
  148  15:24  SCV  
  154  15:35  SCV x3  
  154  15:41  Sensor Tower  
  149  15:50  Bunker  
  147  15:57  Ghost x3  
  153  16:06  Viking  
  153  16:07  Viking  
  157  16:23  SCV x3  
  157  16:29  SCV  
  157  16:30  Starport, Refinery  
  157  16:31  Starport, Refinery  
  157  16:35  SCV x2  
  134  17:06  Marauder x3, Marine  
  141  17:27  Marine  
  141  17:28  Marine  
  140  17:31  Marauder  
Show
View Real Time Build Order
Export as new Build Order

Flyboy Protoss - Winner!

Build Orders: 1 Gate Expand 

Get SALT Encoding   

  12  0:01  Probe  
  13  0:13  Probe  
  14  0:19  Pylon  
  14  0:25  Probe  
  15  0:33  Probe  
  15  0:38  Gateway  
  15  0:41  Probe  
  16  0:49  Assimilator  
  17  0:53  Probe  
  18  1:05  Probe  
  19  1:17  Probe  
  20  1:28  Cybernetics Core  
  20  1:31  Probe  
  21  1:39  Nexus  
  21  1:43  Pylon  
  21  1:52  Probe  
  21  1:53  Assimilator  
  22  1:55  Adept  
  22  2:02  Pylon  
  24  2:08  Warp Gate  
  24  2:11  Probe  
  25  2:16  Adept  
  25  2:24  Probe  
  28  2:42  Probe  
  29  2:47  Robotics Facility  
  29  2:50  Probe  
  30  2:55  Probe  
  31  3:02  Probe  
  31  3:03  Pylon  
  32  3:07  Probe  
  33  3:15  Probe  
  33  3:19  Probe  
  36  3:27  Warp Prism, Probe  
  36  3:31  Probe  
  35  3:39  Probe  
  35  3:40  Gateway  
  38  3:43  Gateway x2  
  38  3:46  Probe  
  39  3:59  Stalker  
  39  4:00  Pylon  
  39  4:01  Probe  
  39  4:02  Probe  
  43  4:11  Pylon  
  43  4:13  Probe  
  43  4:14  Probe  
  45  4:23  Pylon  
  45  4:25  Probe  
  45  4:26  Observer, Probe  
  48  4:35  Twilight Council  
  48  4:43  Adept x3, Stalker  
  52  5:05  Probe x2  
  52  5:07  Immortal  
  56  5:15  Assimilator  
  56  5:17  Probe, Assimilator  
  56  5:20  Pylon, Nexus  
  57  5:23  Stalker x2  
  57  5:24  Adept  
  63  5:36  Stalker  
  63  5:42  Charge  
  65  5:47  Probe  
  65  5:48  Probe  
  65  5:52  Adept  
  67  6:00  Gateway  
  67  6:02  Templar Archives  
  67  6:18  Probe x2  
  67  6:23  Adept x3  
  67  6:24  Stalker  
  75  6:36  Psionic Storm  
  71  6:43  Zealot x2  
  71  6:44  Zealot  
  71  6:45  Probe x2  
  79  6:50  Probe  
  79  6:53  Immortal  
  80  6:56  Gateway  
  80  6:57  Probe x2  
  80  6:59  Gateway  
  82  7:01  Pylon  
  82  7:03  Gateway  
  82  7:06  High Templar  
  82  7:07  Zealot x2  
  82  7:08  Zealot  
  94  7:19  Probe x2  
  94  7:22  Assimilator  
  96  7:27  Observer  
  90  7:30  Pylon  
  90  7:32  Zealot x3  
  90  7:34  Probe x3  
  100  7:38  Assimilator  
  100  7:41  Pylon, High Templar  
  102  7:53  Zealot x5  
  112  8:00  Probe x2  
  112  8:03  Observer  
  114  8:06  Forge  
  114  8:07  Forge  
  114  8:10  Pylon  
  114  8:14  Probe x2  
  114  8:16  High Templar  
  118  8:20  Shield Battery  
  111  8:51  Protoss Ground Weapons Level 1  
  111  8:52  Protoss Ground Armor Level 1  
  111  8:54  Immortal, High Templar x2, Stalker x2  
  111  8:55  Zealot, Stalker  
  105  9:08  High Templar  
  109  9:10  Probe x2  
  111  9:23  Gateway  
  111  9:26  Gateway x2  
  111  9:27  Warp Prism  
  111  9:29  Nexus  
  111  9:30  Pylon, Robotics Bay  
  111  9:31  Assimilator  
  111  9:34  Observer, Zealot, Assimilator  
  111  9:35  Zealot x5, Robotics Facility  
  111  9:37  Pylon  
  111  9:38  Pylon  
  125  9:41  Gateway  
  125  9:43  Gateway  
  125  9:51  Stalker  
  126  10:00  Stalker x3  
  126  10:01  Zealot x3  
  138  10:09  Pylon  
  136  10:23  High Templar  
  136  10:25  Sentry  
  136  10:27  Zealot x4  
  136  10:28  Zealot  
  146  10:46  Colossus x2  
  156  10:53  Protoss Ground Armor Level 2, Protoss Ground Weapons Level 2  
  156  10:56  Extended Thermal Lance  
  156  10:58  Pylon  
  156  11:12  Zealot x6  
  156  11:13  Zealot x4  
  176  11:22  Stalker x2  
  176  11:23  Stalker  
  172  11:48  Probe x3  
  172  11:50  Colossus x2  
  181  12:01  Zealot  
  181  12:02  Zealot x2  
  179  12:09  Pylon, Blink  
  175  12:36  Zealot x5  
  183  12:37  Zealot x3  
  185  12:44  High Templar  
  185  12:45  High Templar  
  185  12:46  Photon Cannon  
  185  12:48  Photon Cannon  
  185  12:51  Photon Cannon  
  189  12:53  Shield Battery  
  189  12:59  Observer x2  
  189  13:00  Gravitic Boosters  
  191  13:13  Nexus  
  191  13:14  Pylon  
  191  13:17  Pylon  
  191  13:19  Assimilator  
  191  13:20  Protoss Ground Weapons Level 3, Protoss Ground Armor Level 3  
  191  13:24  Assimilator  
  191  13:49  Protoss Air Weapons Level 1  
  191  13:51  Stargate  
  191  13:52  Stargate  
  183  13:56  Stargate  
  183  13:58  Stargate, Gravitic Drive  
  173  14:45  High Templar x2  
  177  14:47  Photon Cannon  
  177  14:48  Fleet Beacon  
  177  14:50  Photon Cannon  
  177  14:52  Photon Cannon  
  177  14:54  Shield Battery  
  173  15:06  Zealot x4  
  179  15:52  Dark Shrine  
  179  15:55  Protoss Air Armor Level 1  
  173  15:59  Zealot x3  
  173  16:00  Zealot x6  
  173  16:01  Zealot x2  
  173  16:02  Zealot  
  155  17:00  Immortal  
  155  17:01  Immortal  
  155  17:12  Stalker x4  
  155  17:13  High Templar x3  
  155  17:14  High Templar x4  
  155  17:15  High Templar  
  197  17:18  Archon x2  
  197  17:19  Archon x2  
  175  17:51  Zealot x4  
  175  17:52  Zealot x3  
Tags
 
Add a new tag
Caveats
  • Supply blocks, unpowered buildings, or Contaminate may cause inaccurate times.
  • Supply counts are checked every 10 seconds.